 Dungeon Crawl Stone Soup version 0.21.1-1-g345015f (webtiles) character file.

4056 vatarom the Nimble (level 10, -2/88 HPs)
             Began as a Troll Monk on May 30, 2018.
             Killed from afar by a deep elf knight (26 damage)
             ... with a shard of ice
             ... in a bailey.
             The game lasted 00:13:19 (5051 turns).

vatarom the Nimble (Troll Monk)                     Turns: 5051, Time: 00:13:20

Health: -2/88      AC: 11    Str: 26    XL:     10   Next: 4%
Magic:  9/9        EV: 16    Int:  7    God:
Gold:   388        SH:  0    Dex: 14    Spells: 9/9 levels left

rFire    . . .     SeeInvis .     - Unarmed
rCold    . . .     Gourm    +   (no shield)
rNeg     + . .     Faith    .   i - +2 robe
rPois    .         Spirit   .   (helmet restricted)
rElec    .         Reflect  .   (no cloak)
rCorr    .         Harm     .   (gloves unavailable)
MR       .....                  (boots unavailable)
Stlth    ++........             e - amulet of rage
HPRegen  0.64/turn              r - ring of Circularity {Wiz rN+}
MPRegen  0.11/turn              p - +4 ring of protection

@: mighty
A: large, unfitting armour, claws 3, fast metabolism 3, gourmand, regeneration
1, shaggy fur 1, tough skin 2
a: Evoke Berserk Rage


You were in a bailey.
You were completely stuffed.

You visited 1 branch of the dungeon, and saw 7 of its levels.
You also visited: Bailey.

You collected 388 gold pieces.

Inventory:

Armour
 i - a +2 robe (worn)
Jewellery
 e - an amulet of rage (around neck)
 p - a +4 ring of protection (right claw)
 r - the ring of Circularity (left claw) {Wiz rN+}
   (You found it on level 6 of the Dungeon)

   [ring of wizardry]

   It improves your spell success rate.
   It protects you from negative energy.
 y - an uncursed ring of stealth
Wands
 a - a wand of random effects (24)
 c - a wand of paralysis (6)
Scrolls
 d - 2 scrolls of amnesia
 f - 2 scrolls of identify {@r1}
 h - 3 scrolls of remove curse {@r2}
 k - 2 scrolls of blinking {@r4}
 l - 2 scrolls of enchant armour
 m - 3 scrolls of enchant weapon
 u - 2 scrolls of magic mapping
Potions
 g - 4 potions of flight
 n - 2 potions of curing {@q1}
 s - a potion of cancellation {unknown}
 t - a potion of berserk rage {unknown}
 x - a potion of agility {@q5}
Books
 j - a book of Air

   Spells                             Type                      Level
   a - Shock                          Conjuration/Air              1
   b - Swiftness                      Charms/Air                   2
   c - Static Discharge               Conjuration/Air              3
   d - Airstrike                      Air                          4
   e - Lightning Bolt                 Conjuration/Air              5
 q - a book of Minor Magic

   Spells                             Type                      Level
   a - Magic Dart                     Conjuration                  1
   b - Blink                          Translocation                2
   c - Call Imp                       Summoning                    2
   d - Slow                           Hexes                        2
   e - Conjure Flame                  Conjuration/Fire             3
   f - Mephitic Cloud                 Conjuration/Poison/Air       3
 v - a book of Clouds

   Spells                             Type                      Level
   a - Poisonous Vapours              Poison/Air                   2
   b - Mephitic Cloud                 Conjuration/Poison/Air       3
   c - Conjure Flame                  Conjuration/Fire             3
   d - Freezing Cloud                 Conjuration/Ice/Air          6
   e - Ring of Flames                 Charms/Fire                  7
Comestibles
 b - 10 rations {@e1}
 w - 8 chunks of flesh


   Skills:
 - Level 2.5 Fighting
 * Level 10.2 Dodging
 - Level 1.1 Stealth
 + Level 9.0 Unarmed Combat


You had 9 spell levels left.
You didn't know any spells.

Dungeon Overview and Level Annotations

Branches:
Dungeon (7/15)             Temple (0/1) D:4

Altars:
Cheibriados
Dithmenos
Gozag
Nemelex Xobeh
Sif Muna
Trog
Vehumet
Wu Jian
Zin
The Shining One


Innate Abilities, Weirdness & Mutations

You are too large for most types of armour.
You have claws for hands.
Your metabolism is lightning-fast.
You like to eat raw meat.
Your natural rate of healing is unusually fast.
You are covered in fur. (AC +1)
You have very tough skin. (AC +2)


Message History

The deep elf knight is almost dead.
The deep elf knight barely misses you.
Unknown command.
You barely miss the deep elf knight.
The deep elf knight is almost dead.
Unknown command.
You barely miss the deep elf knight.
The deep elf knight is almost dead.
The deep elf knight hits you but does no damage.
Unknown command.
You barely miss the deep elf knight.
The deep elf knight is almost dead.
The deep elf knight gestures wildly while chanting.
The deep elf knight flickers and vanishes!
Deactivating autopickup; reactivate with Ctrl-A.
You closely miss something.
You hear some strange, mumbled words.
A shard of ice appears from out of thin air!
The shard of ice hits you!
You die...

#....#.....#
#....##...## ..
##..##e######.
####.EE###...##+###
.##.)§e.#.....##..##
e.#..∩e§#.....#....#
..#...§.#.....#....#
.###....#....# #{.#
'# #####'# #@##
.###....#....###..##
E.#....e#e....#....#
§.#.....#.....#....#
§##..e*.#.....##.?##
#§##§§.###...######
##..#### ###. #....#
.. #....#


There were no monsters in sight!

Vanquished Creatures
  4 deep elf magi (Bailey)
  Grinder (D:3)
  Duvessa (D:4)
  2 sky beasts (D:6)
  A black bear (D:6)
  An orc warrior (D:6)
  3 ice beasts (D:6)
  2 ogres
  2 centaurs
  2 big kobolds (D:3)
  A bullfrog (D:7)
  Dowan (D:4)
  A scorpion (D:6)
  The ghost of Jaiteiro the Caller, a weakling MfSu (D:3)
  3 crimson imps
  A hound (D:6)
  A centaur zombie (D:7)
  4 orc priests
  Jessica (D:3)
  7 orc wizards
  A mummy (D:7)
  Robin (D:2)
  16 adders
  A howler monkey skeleton (D:6)
  2 oozes
  6 worms
  A dart slug (D:3)
  4 leopard geckos
  24 orcs
  8 ball pythons
  6 bats
  5 giant cockroaches
  19 goblins
  2 hobgoblins
  6 jackals
  18 kobolds
  A quokka (D:7)
  8 frilled lizards
  A jackal zombie (D:6)
  A leopard gecko zombie (D:5)
  4 rats
175 creatures vanquished.

Vanquished Creatures (others)
  An orc wizard (D:3)
1 creature vanquished.

Grand Total: 176 creatures vanquished

Notes
Turn   | Place    | Note
-------+----------+-------------------------------------------
     0 | D:1      | vatarom the Troll Monk began the quest for the Orb.
     0 | D:1      | Reached XP level 1. HP: 22/22 MP: 0/0
   102 | D:1      | Reached XP level 2. HP: 29/29 MP: 1/1
   307 | D:1      | You fall through a shaft!
   320 | D:2      | Reached skill level 3 in Dodging
   320 | D:2      | Reached XP level 3. HP: 19/36 MP: 2/2
   470 | D:2      | Found a shadowy altar of Dithmenos.
   715 | D:2      | Reached XP level 4. HP: 44/44 MP: 3/3
   924 | D:2      | Found an opulent altar of Gozag.
  1067 | D:2      | Noticed Robin
  1076 | D:2      | Killed Robin
  1161 | D:2      | Found a glowing silver altar of Zin.
  1161 | D:2      | Found a deep blue altar of Sif Muna.
  1251 | D:2      | Found a radiant altar of Vehumet.
  1460 | D:3      | Reached skill level 4 in Dodging
  1460 | D:3      | Reached XP level 5. HP: 49/50 MP: 4/4
  1529 | D:3      | Noticed Jaiteiro's ghost (weakling MfSu)
  1543 | D:3      | Noticed Jessica
  1563 | D:3      | Killed Jaiteiro's ghost
  1567 | D:3      | Killed Jessica
  1627 | D:3      | Found an ornate altar of the Wu Jian Council.
  1753 | D:3      | Reached XP level 6. HP: 55/59 MP: 5/5
  1808 | D:3      | Noticed Grinder
  1850 | D:3      | Killed Grinder
  1850 | D:3      | Reached skill level 5 in Dodging
  1850 | D:3      | Reached skill level 5 in Unarmed Combat
  1963 | D:3      | Reached XP level 7. HP: 66/66 MP: 6/6
  2212 | D:3      | Found a sparkling altar of Nemelex Xobeh.
  2287 | D:4      | Found a staircase to the Ecumenical Temple.
  2357 | D:4      | Noticed Dowan
  2360 | D:4      | Noticed Duvessa
  2370 | D:4      | Killed Duvessa
  2370 | D:4      | Reached skill level 6 in Dodging
  2399 | D:4      | Killed Dowan
  3164 | D:5      | Entered Level 5 of the Dungeon
  3194 | D:5      | Reached XP level 8. HP: 74/74 MP: 7/7
  3361 | D:5      | Reached skill level 7 in Dodging
  3411 | D:5      | Found a bloodstained altar of Trog.
  3830 | D:6      | Got a smoking iron ring
  3831 | D:6      | Identified the ring of Circularity {Wiz rN+} (You found it on level 6 of the Dungeon)
  3853 | D:6      | Found a glowing golden altar of the Shining One.
  4033 | D:6      | Reached skill level 8 in Dodging
  4132 | D:6      | Reached XP level 9. HP: 80/80 MP: 8/8
  4569 | D:7      | Reached skill level 9 in Dodging
  4597 | D:7      | Found a snail-covered altar of Cheibriados.
  4735 | D:7      | Found a flagged portal.
  4741 | Bailey   | Entered a bailey
  4749 | Bailey   | Noticed a deep elf mage
  4760 | Bailey   | Killed a deep elf mage
  4791 | Bailey   | Noticed a deep elf mage
  4792 | Bailey   | Noticed a deep elf mage
  4792 | Bailey   | Noticed a deep elf mage
  4792 | Bailey   | Noticed a deep elf mage
  4792 | Bailey   | Noticed a deep elf mage
  4796 | Bailey   | Noticed a deep elf mage
  4804 | Bailey   | Killed a deep elf mage
  4903 | Bailey   | Killed a deep elf mage
  4903 | Bailey   | Reached skill level 10 in Dodging
  4911 | Bailey   | Killed a deep elf mage
  4911 | Bailey   | Reached XP level 10. HP: 84/88 MP: 9/9
  4940 | Bailey   | Noticed a deep elf mage
  4940 | Bailey   | Noticed a deep elf mage
  5041 | Bailey   | Noticed a deep elf knight
  5051 | Bailey   | Killed from afar by a deep elf knight

Skill      XL: |  1  2  3  4  5  6  7  8  9 |
---------------+----------------------------+-----
Dodging        | 3 4 5 6 8 10 | 10.2
Unarmed Combat | 4 5 6 7 9 |  9.0
Fighting       | |  2.5
Stealth        | |  1.1

Action                   |  1- 3 |  4- 6 |  7- 9 | 10-12 || total
-------------------------+-------+-------+-------+-------++-------
Melee: Unarmed           |   101 |   181 |   312 |    12 ||   606
       Punch             |     1 |     2 |     8 |       ||    11
  Use: Scroll            |     1 |     3 |     9 |     2 ||    15
       Potion            |       |       |     6 |     3 ||     9
 Stab: Sleeping          |     2 |       |     6 |       ||     8
  Eat: Chunk             |    12 |    12 |    27 |     1 ||    52
Armor: Robe              |    29 |    54 |   120 |     5 ||   208
Dodge: Dodged            |    59 |    81 |   157 |     7 ||   304
